SNL (28 & UNDER)
WEST VIRGINIA POWER @ MEMPHIS BLUES
05/28/2030
 
TOP OF THE 1ST
West Virginia Power batting - Pitching for Memphis Blues : LHP John Knight
Pitching: LHP John Knight
Batting: RHB Iván Romero 0-0: Foul Ball, location: 2F
0-1: Foul Ball, location: 2F
0-2: Ball
1-2: Strikes out swinging
Batting: RHB Joaquín Vásquez 0-0: Ball
1-0: Ball
2-0: Called Strike
2-1: Ball
3-1: Fly out, F3 (Line Drive, 3)
Batting: LHB William Donnelly 0-0: Ball
1-0: Ball
2-0: Called Strike
2-1: Ball
3-1: Foul Ball, location: 2F
3-2: Fly out, F9 (Flyball, 9LSF)
Top of the 1st over - 0 runs, 0 hits, 0 errors, 0 left on base; West Virginia 0 - Memphis 0
BOTTOM OF THE 1ST
Memphis Blues batting - Pitching for West Virginia Power : RHP Miguel Cardoza
Pitching: RHP Miguel Cardoza
Batting: RHB Brandon Townsley 0-0: Ball
1-0: Swinging Strike
1-1: Ball
2-1: Foul Ball, location: 2F
2-2: Foul Ball, location: 2F
2-2: Strikes out looking
Batting: SHB Hang-ki Yue 0-0: Ball
1-0: Called Strike
1-1: Ground out 4-3 (Groundball, 4)
Batting: LHB Brenton Carter 0-0: Foul Ball, location: 2F
0-1: Ball
1-1: Called Strike
1-2: SOLO HOME RUN (Flyball, 89XD), Distance : 432 ft
Batting: RHB Julian Lee 0-0: Called Strike
0-1: Ball
1-1: Fly out, F9 (Flyball, 9S)
Bottom of the 1st over - 1 run, 1 hit, 0 errors, 0 left on base; West Virginia 0 - Memphis 1
TOP OF THE 2ND
West Virginia Power batting - Pitching for Memphis Blues : LHP John Knight
Batting: RHB Joe Salas 0-0: Ball
1-0: Swinging Strike
1-1: Ball
2-1: Swinging Strike
2-2: Ball
3-2: Strikes out swinging
Batting: RHB Millard Walker 0-0: Ball
1-0: Called Strike
1-1: Foul Ball, location: 2F
1-2: Ball
2-2: Ground out 6-3 (Groundball, 6)
Batting: RHB Emory Brooks 0-0: Called Strike
0-1: Foul Ball, location: 2F
0-2: Strikes out swinging
Top of the 2nd over - 0 runs, 0 hits, 0 errors, 0 left on base; West Virginia 0 - Memphis 1
BOTTOM OF THE 2ND
Memphis Blues batting - Pitching for West Virginia Power : RHP Miguel Cardoza
Batting: RHB Ryan Nelson 0-0: Fly out, F8 (Flyball, 8RS)
Batting: RHB Kirk Powell 0-0: Ball
1-0: Ball
2-0: Called Strike
2-1: Swinging Strike
2-2: Strikes out swinging
Batting: SHB Ron Winston 0-0: Called Strike
0-1: Ball
1-1: Swinging Strike
1-2: Strikes out swinging
Bottom of the 2nd over - 0 runs, 0 hits, 0 errors, 0 left on base; West Virginia 0 - Memphis 1
TOP OF THE 3RD
West Virginia Power batting - Pitching for Memphis Blues : LHP John Knight
Batting: RHB Matt Tucker 0-0: Called Strike
0-1: Called Strike
0-2: Ball
1-2: Foul Ball, location: 2F
1-2: Strikes out swinging
Batting: RHB Andrew Pinto 0-0: Called Strike
0-1: SINGLE (Groundball, 6MD)
Batting: RHB Julián Garza 0-0: Ball
1-0: Ball
2-0: Foul Ball, location: 2F
2-1: Foul Ball, location: 2F
2-2: Strikes out swinging
Batting: RHB Iván Romero 0-0: Called Strike
0-1: Called Strike
0-2: Strikes out swinging
Top of the 3rd over - 0 runs, 1 hit, 0 errors, 1 left on base; West Virginia 0 - Memphis 1
BOTTOM OF THE 3RD
Memphis Blues batting - Pitching for West Virginia Power : RHP Miguel Cardoza
Batting: LHB Freddy Torres 0-0: Ball
1-0: Ball
2-0: Ground out 4-3 (Groundball, 4)
Batting: SHB José Velásquez 0-0: Ball
1-0: Called Strike
1-1: Foul Ball, location: 2F
1-2: Ball
2-2: SINGLE (Groundball, 13S) (infield hit)
Batting: RHB Brandon Townsley 0-0: Ball
1-0: Called Strike
1-1: Ball
2-1: Ball
3-1: Called Strike
3-2: Foul Ball, location: 2F
3-2: Base on Balls
José Velásquez to second
Batting: SHB Hang-ki Yue 0-0: Called Strike
0-1: Called Strike
0-2: Foul Ball, location: 2F
0-2: Fielders Choice at 2nd, 4-6 (Groundball, 4)
José Velásquez to third
Batting: LHB Brenton Carter 0-0: Ball
1-0: Foul Ball, location: 2F
1-1: SINGLE (Groundball, 3) (infield hit)
José Velásquez scores
Hang-ki Yue to second
Batting: RHB Julian Lee 0-0: Ball
Wild Pitch!
Hang-ki Yue to third
Brenton Carter to second
1-0: Called Strike
1-1: Ground out 6-3 (Groundball, 6)
Bottom of the 3rd over - 1 run, 2 hits, 0 errors, 2 left on base; West Virginia 0 - Memphis 2
TOP OF THE 4TH
West Virginia Power batting - Pitching for Memphis Blues : LHP John Knight
Batting: RHB Joaquín Vásquez 0-0: Called Strike
0-1: Ball
1-1: Swinging Strike
1-2: Foul Ball, location: 2F
1-2: Fly out, F7 (Flyball, 7)
Batting: LHB William Donnelly 0-0: Ball
1-0: Ball
2-0: Foul Ball, location: 2F
2-1: SINGLE (Groundball, 34D)
Batting: RHB Joe Salas 0-0: Swinging Strike
0-1: Foul Ball, location: 2F
0-2: Strikes out looking
Batting: RHB Millard Walker 0-0: Called Strike
0-1: Foul Ball, location: 2F
0-2: Strikes out looking
Top of the 4th over - 0 runs, 1 hit, 0 errors, 1 left on base; West Virginia 0 - Memphis 2
BOTTOM OF THE 4TH
Memphis Blues batting - Pitching for West Virginia Power : RHP Miguel Cardoza
Batting: RHB Ryan Nelson 0-0: Ball
1-0: Fly out, F9 (Flyball, 9)
Batting: RHB Kirk Powell 0-0: Called Strike
0-1: Ground out 6-3 (Groundball, 6)
Batting: SHB Ron Winston 0-0: Ball
1-0: Ball
2-0: Ball
3-0: Base on Balls
Batting: LHB Freddy Torres 0-0: Ball
1-0: Ball
2-0: Ball
3-0: Called Strike
3-1: SINGLE (Groundball, 4MD)
Ron Winston to second
Runner from 2nd tries for 3rd, OUT!
Bottom of the 4th over - 0 runs, 1 hit, 0 errors, 1 left on base; West Virginia 0 - Memphis 2
TOP OF THE 5TH
West Virginia Power batting - Pitching for Memphis Blues : LHP John Knight
Batting: RHB Emory Brooks 0-0: Ball
1-0: Ground out 6-3 (Groundball, 56D)
Batting: RHB Matt Tucker 0-0: Called Strike
0-1: Called Strike
0-2: Fly out, F9 (Line Drive, 89S)
Batting: RHB Andrew Pinto 0-0: Ball
1-0: Fly out, F9 (Flyball, 9)
Top of the 5th over - 0 runs, 0 hits, 0 errors, 0 left on base; West Virginia 0 - Memphis 2
BOTTOM OF THE 5TH
Memphis Blues batting - Pitching for West Virginia Power : RHP Miguel Cardoza
Batting: SHB José Velásquez 0-0: Ball
1-0: Called Strike
1-1: Fly out, F4 (Line Drive, 4)
Batting: RHB Brandon Townsley 0-0: Ball
1-0: Ball
2-0: Called Strike
2-1: Foul Ball, location: 2F
2-2: Foul Ball, location: 2F
2-2: Ground out 5-3 (Groundball, 56S)
Batting: SHB Hang-ki Yue 0-0: Ball
1-0: Ball
2-0: Ball
3-0: Base on Balls
Batting: LHB Brenton Carter 0-0: Ball
1-0: Called Strike
1-1: Foul Ball, location: 2F
1-2: Strikes out swinging
Bottom of the 5th over - 0 runs, 0 hits, 0 errors, 1 left on base; West Virginia 0 - Memphis 2
TOP OF THE 6TH
West Virginia Power batting - Pitching for Memphis Blues : LHP John Knight
Batting: RHB Julián Garza 0-0: Called Strike
0-1: Fly out, F3 (Popup, 3S)
Batting: RHB Iván Romero 0-0: Called Strike
0-1: Ball
1-1: Ball
2-1: Ball
3-1: Swinging Strike
3-2: Strikes out looking
Batting: RHB Joaquín Vásquez 0-0: Ball
1-0: Ball
2-0: Ball
3-0: Called Strike
3-1: Foul Ball, location: 2F
3-2: Ground out 4-3 (Groundball, 4S)
Top of the 6th over - 0 runs, 0 hits, 0 errors, 0 left on base; West Virginia 0 - Memphis 2
BOTTOM OF THE 6TH
Memphis Blues batting - Pitching for West Virginia Power : RHP Miguel Cardoza
Batting: RHB Julian Lee 0-0: Foul Ball, location: 2F
0-1: Ball
1-1: Foul Ball, location: 2F
1-2: Ground out 1-3 (Groundball, 13)
Batting: RHB Ryan Nelson 0-0: Ball
1-0: Foul Ball, location: 2F
1-1: Fly out, F3 (Line Drive, 34D)
Batting: RHB Kirk Powell 0-0: Called Strike
0-1: Swinging Strike
0-2: Ground out 6-3 (Groundball, 6S)
Bottom of the 6th over - 0 runs, 0 hits, 0 errors, 0 left on base; West Virginia 0 - Memphis 2
TOP OF THE 7TH
West Virginia Power batting - Pitching for Memphis Blues : LHP John Knight
Batting: LHB William Donnelly 0-0: Called Strike
0-1: Ball
1-1: Ball
2-1: Ball
3-1: Base on Balls
Batting: RHB Joe Salas 0-0: Ball
1-0: Fly out, F3 (Popup, 3SF)
Pinch Runner at 1st Nick Mackin:
Batting: RHB Millard Walker 0-0: Foul Ball, location: 2F
0-1: Ball
1-1: Ball
2-1: Foul Ball, location: 2F
2-2: Foul Ball, location: 2F
2-2: Fielders Choice at 2nd, 3-6 (Groundball, 34)
Pinch Runner at 1st Pedro Echevarría:
Batting: RHB Emory Brooks 0-0: Ball
1-0: Ball
2-0: Fielders Choice at 2nd, 6-4 (Groundball, 6)
Top of the 7th over - 0 runs, 0 hits, 0 errors, 1 left on base; West Virginia 0 - Memphis 2
BOTTOM OF THE 7TH
Memphis Blues batting - Pitching for West Virginia Power : RHP Miguel Cardoza
Now at SS: Nick Mackin
Batting: SHB Ron Winston 0-0: Foul Ball, location: 2F
0-1: Ball
1-1: Ball
2-1: Ball
3-1: Swinging Strike
3-2: Base on Balls
Batting: LHB Freddy Torres 0-0: Ball
1-0: Called Strike
1-1: Foul Ball, location: 2F
1-2: Foul Ball, location: 2F
1-2: Ball
2-2: Ball
3-2: 2-RUN HOME RUN (Flyball, 9LD), Distance : 357 ft
Pitching: LHP Dan Brown
Batting: SHB José Velásquez 0-0: Ball
1-0: Ball
2-0: Ball
3-0: Called Strike
3-1: Foul Ball, location: 2F
3-2: Base on Balls
Batting: RHB Brandon Townsley 0-0: Called Strike
0-1: Ball
1-1: Swinging Strike
1-2: Ball
2-2: Foul Ball, location: 2F
2-2: Ball
3-2: Strikes out swinging
Batting: SHB Hang-ki Yue 0-0: Ball
Wild Pitch!
José Velásquez to second
1-0: Ball
2-0: Foul Ball, location: 2F
2-1: Ball
3-1: SINGLE (Flyball, 8RS)
José Velásquez to third
Runner from 3rd tries for Home, SAFE, no throw
Batting: LHB Brenton Carter 0-0: Ball
Hang-ki Yue steals 2nd base
1-0: Foul Ball, location: 2F
1-1: Foul Ball, location: 2F
1-2: Ball
2-2: Strikes out swinging
Batting: RHB Julian Lee 0-0: Fly out, F9 (Flyball, 89S)
Bottom of the 7th over - 3 runs, 2 hits, 0 errors, 1 left on base; West Virginia 0 - Memphis 5
TOP OF THE 8TH
West Virginia Power batting - Pitching for Memphis Blues : LHP John Knight
Now in LF: Artie Green
Batting: RHB Matt Tucker 0-0: Ball
1-0: Called Strike
1-1: Ball
2-1: Ground out 4-3 (Groundball, 4)
Batting: RHB Andrew Pinto 0-0: Called Strike
0-1: Ball
1-1: SINGLE (Line Drive, 5D)
Batting: RHB Julián Garza 0-0: Swinging Strike
0-1: Swinging Strike
0-2: Ball
1-2: Strikes out swinging
Batting: RHB Iván Romero 0-0: Foul Ball, location: 2F
0-1: Foul Ball, location: 2F
0-2: Strikes out looking
Top of the 8th over - 0 runs, 1 hit, 0 errors, 1 left on base; West Virginia 0 - Memphis 5
BOTTOM OF THE 8TH
Memphis Blues batting - Pitching for West Virginia Power : LHP Dan Brown
Batting: RHB Ryan Nelson 0-0: Called Strike
0-1: Ball
1-1: Swinging Strike
1-2: Foul Ball, location: 2F
1-2: Ball
2-2: Ball
3-2: Base on Balls
Batting: RHB Kirk Powell 0-0: Ball
1-0: Called Strike
1-1: Ball
2-1: Ball
3-1: Foul Ball, location: 2F
3-2: Base on Balls
Ryan Nelson to second
Batting: SHB Ron Winston 0-0: Foul Ball, location: 2F
0-1: Called Strike
0-2: Ball
1-2: Foul Ball, location: 2F
1-2: Ball
2-2: Ball
3-2: Foul Ball, location: 2F
3-2: Foul Ball, location: 2F
3-2: Foul Ball, location: 2F
3-2: Base on Balls
Ryan Nelson to third
Kirk Powell to second
Batting: LHB Freddy Torres 0-0: Ball
1-0: Ball
2-0: Ball
3-0: Base on Balls
Ryan Nelson scores
Kirk Powell to third
Ron Winston to second
Batting: SHB José Velásquez 0-0: Ball
1-0: Called Strike
1-1: Foul Ball, location: 2F
1-2: Ground out 4-3 (Groundball, 4MS)
Kirk Powell scores
Ron Winston to third
Freddy Torres to second
Batting: RHB Brandon Townsley 0-0: Ball
1-0: Ball
2-0: Called Strike
2-1: Foul Ball, location: 2F
2-2: Foul Ball, location: 2F
2-2: Foul Ball, location: 2F
2-2: Foul Ball, location: 2F
2-2: Ball
3-2: Ground out 5-3 (Groundball, 56)
Ron Winston scores
Batting: RHB Artie Green 0-0: Called Strike
0-1: Ball
1-1: 2-RUN HOME RUN (Flyball, 9LD), Distance : 369 ft
Batting: LHB Brenton Carter 0-0: Called Strike
0-1: Ball
1-1: Foul Ball, location: 2F
1-2: Foul Ball, location: 2F
1-2: Ball
2-2: Ball
3-2: SOLO HOME RUN (Flyball, 9LD), Distance : 360 ft
Batting: RHB Julian Lee 0-0: Ball
1-0: Ball
2-0: Called Strike
2-1: Ball
3-1: Base on Balls
Batting: RHB Ryan Nelson 0-0: Called Strike
0-1: Ball
1-1: SINGLE (Line Drive, 56D)
Julian Lee to second
Batting: RHB Kirk Powell 0-0: Foul Ball, location: 2F
0-1: Swinging Strike
0-2: Foul Ball, location: 2F
0-2: Ball
1-2: Ball
2-2: Ball
3-2: Strikes out looking
Bottom of the 8th over - 6 runs, 3 hits, 0 errors, 2 left on base; West Virginia 0 - Memphis 11
TOP OF THE 9TH
West Virginia Power batting - Pitching for Memphis Blues : LHP John Knight
Now at C: Guy Morrison
Now at 1B: Wilson Flores
Now at 3B: Ángel López
Batting: RHB Joaquín Vásquez 0-0: Swinging Strike
0-1: Ball
1-1: Ball
2-1: Swinging Strike
2-2: Strikes out swinging
Batting: RHB Nick Mackin 0-0: Ball
1-0: Fly out, F6 (Popup, 4MD)
Batting: RHB Joe Salas 0-0: Ball
1-0: Foul Ball, location: 2F
1-1: Fly out, F6 (Flyball, 56D)
Top of the 9th over - 0 runs, 0 hits, 0 errors, 0 left on base; West Virginia 0 - Memphis 11
Saturday, April 7th, 2018 - OOTP Baseball 18.8 Build 76